 Dungeon Crawl Stone Soup version 0.20-a0-792-g09bcfd3 (webtiles) character file.

225 4thArraOfDagon the Ruffian (level 5, 0/45 HPs)
             Began as a Troll Necromancer on Feb 28, 2017.
             Was an Initiate of Wu Jian.
             Slain by Sigmund
             ... wielding a +0 scythe
              (10 damage)
             ... on level 3 of the Dungeon.
             The game lasted 00:05:55 (856 turns).

4thArraOfDagon the Ruffian (Troll Necromancer)       Turns: 856, Time: 00:05:55

Health: 0/45       AC:  5    Str: 21    XL:     5   Next: 68%
Magic:  5/5        EV: 10    Int:  7    God:    Wu Jian [......]
Gold:   98         SH:  2    Dex: 10    Spells: 5/6 levels left

rFire    . . .     SeeInvis .     - Unarmed
rCold    . . .     Gourm    +   a - +0 robe
rNeg     . . .     Faith    .   (no shield)
rPois    .         Spirit   .   (helmet restricted)
rElec    .         Reflect  +   (no cloak)
rCorr    +         Harm     .   (gloves unavailable)
MR       .....                  (boots unavailable)
Stlth    +.........             m - +2 amulet of reflection
Regen    0.6/turn               j - -5 ring of intelligence (curse)
MPRegen  0.1/turn               o - ring of resist corrosion

@: mighty
A: unfitting armour, claws 3, fast metabolism 3, gourmand, regeneration 1,
shaggy fur 1, tough skin 2
a: Renounce Religion


You were on level 3 of the Dungeon.
You worshipped Wu Jian.
Wu Jian was noncommittal.
You were full.

You visited 1 branch of the dungeon, and saw 4 of its levels.

You collected 98 gold pieces.

Inventory:

Armour
 a - a +0 robe (worn)
Jewellery
 j - a cursed -5 ring of intelligence (right claw)
 m - a +2 amulet of reflection (around neck)
 o - a ring of resist corrosion (left claw)
Scrolls
 f - a scroll of magic mapping {unknown}
 g - a scroll of recharging {unknown}
 h - a scroll of amnesia {unknown}
 i - 2 scrolls of teleportation {unknown}
 k - 3 scrolls of identify {unknown}
 n - 3 scrolls of remove curse {unknown}
Potions
 e - a potion of curing
Books
 b - a book of Necromancy

   Spells                             Type                      Level
   a - Pain                           Necromancy                   1
   b - Animate Skeleton               Necromancy                   1
   c - Vampiric Draining              Necromancy                   3
   d - Regeneration                   Charms/Necromancy            3
   e - Animate Dead                   Necromancy                   4
   f - Control Undead                 Necromancy                   4
Comestibles
 c - 5 bread rations


   Skills:
 - Level 1.5 Dodging
 - Level 1.0 Stealth
 * Level 5.5 Unarmed Combat
 - Level 1.2 Spellcasting
 - Level 3.2 Necromancy


You had 5 spell levels left.
You knew the following spells:

 Your Spells              Type           Power        Failure   Level  Hunger
a - Pain                  Necr           #...         12%         1    ##.....


Dungeon Overview and Level Annotations

Branches:
Dungeon (4/15)
 Temple: D:4-7

Altars:
Wu Jian

Annotations:
D:3 Sigmund


Innate Abilities, Weirdness & Mutations

You are too large for most types of armour.
You have claws for hands.
Your metabolism is lightning-fast.
You like to eat raw meat.
Your natural rate of healing is unusually fast.
You are covered in fur. (AC +1)
You have very tough skin. (AC +2)


Message History

The Council accepts your kill. The orc hits you with a short sword.
Something hits you!
Deactivating autopickup; reactivate with Ctrl-A.
You see here a mace.
You are too injured to fight recklessly!
You barely miss the orc. The orc hits you with a short sword.
You feel very mighty all of a sudden. The orc misses you. Something hits you.
You feel better. The orc hits you with a short sword.
You barely miss the orc. Something hits you.
The orc hits you but does no damage.
You claw the orc!
You kill the orc!
The Council accepts your kill. Something hits you!
* * * LOW HITPOINT WARNING * * *
Things that are here:
a short sword; 6 gold pieces You closely miss something.
Something hits you!
You die...

#.. #.# #### #.# ....#
#.########.##.#
#.##........#.#
#.##........#)#
#.##........#.# ..#
####'##...(...##)# ..
#..............#@#....'
#..............#{#.. .#
#..............#g#.#..#
#..............#.#.#..##
#..............#>.......
#............รท.#.#.#....
#..............#.#.#.###
############+#.......#
##............#)#####.


You could see a goblin.

Vanquished Creatures
  A killer bee (D:2)
  2 orc wizards
  An orc priest (D:3)
  3 adders
  2 oozes
  3 worms
  A dart slug (D:3)
  11 orcs
  A giant cockroach (D:1)
  2 goblins (D:1)
  4 hobgoblins
  4 jackals (D:2)
  2 quokkas (D:2)
  A ball python (D:1)
  3 bats
  2 frilled lizards
  A kobold (D:3)
  A quokka skeleton (D:4)
  2 rats (D:3)
47 creatures vanquished.

Notes
Turn   | Place    | Note
-------+----------+-------------------------------------------
     0 | D:1      | 4thArraOfDagon the Troll Necromancer began the quest for the Orb.
     0 | D:1      | Reached XP level 1. HP: 16/16 MP: 1/1
    54 | D:1      | Reached skill level 1 in Unarmed Combat
   180 | D:1      | Reached XP level 2. HP: 24/24 MP: 2/2
   222 | D:2      | Reached skill level 2 in Unarmed Combat
   308 | D:2      | Reached XP level 3. HP: 29/31 MP: 3/3
   395 | D:3      | Noticed a killer bee
   399 | D:3      | Noticed a killer bee
   400 | D:3      | Noticed a killer bee
   436 | D:2      | Reached skill level 3 in Unarmed Combat
   498 | D:3      | Noticed a killer bee
   498 | D:3      | Noticed a killer bee
   501 | D:2      | ja
   515 | D:2      | Killed a killer bee
   515 | D:2      | Reached XP level 4. HP: 10/39 MP: 4/4
   536 | D:2      | Reached skill level 4 in Unarmed Combat
   620 | D:3      | Reached XP level 5. HP: 22/45 MP: 5/5
   668 | D:3      | Found an ornate altar of the Wu Jian Council.
   675 | D:3      | Became a worshipper of the Wu Jian Council
   741 | D:4      | Reached skill level 5 in Unarmed Combat
   828 | D:3      | Noticed Sigmund
   856 | D:3      | Slain by Sigmund

Vault maps used:
D:1:      dpeg_arrival_leaves_temple_mockup, minivault_19,
          corexii_item_surrounded_by_moat
D:2:      lemuel_round_altar, first_bread
D:3:      kennysheep_six_static_rooms, overflow_temple_1_default,
          nicolae_overflow_hidden_temple, uniq_crazy_yiuf_cottage, uniq_jessica,
          uniq_sigmund
D:4:      nicolae_ru_awakened_eye, grunt_qazlal_sundering,
          minmay_misc_feat_doors

Skill      XL: |  1  2  3  4  5 |
---------------+----------------+-----
Unarmed Combat | 1 2 3 4 5 |  5.5
Dodging        | |  1.5
Stealth        | |  1.0
Spellcasting   | |  1.2
Necromancy     | |  3.2

Action                   |  1- 3 |  4- 6 || total
-------------------------+-------+-------++-------
Melee: Unarmed           |    76 |    72 ||   148
       Punch             |     2 |       ||     2
  Use: Potion            |     8 |     2 ||    10
 Stab: Sleeping          |     4 |     2 ||     6
  Eat: Chunk             |     6 |     4 ||    10
Armor: Robe              |    24 |    27 ||    51
Dodge: Dodged            |    35 |    28 ||    63
Block: Other             |     3 |     2 ||     5
